 Dungeon Crawl Stone Soup version 0.31-a0-167-g1c394c0614 (webtiles) character file.

Game seed: 7876992852505485404

828 qw the Shooter (level 7, -9/64 HPs)
             Began as a Naga Hunter on June 14, 2023.
             Killed from afar by a steam dragon (20 damage)
             ... with a ball of steam
             ... on level 6 of the Dungeon.
             The game lasted 00:01:26 (4991 turns).

qw the Shooter (Naga Hunter)                        Turns: 4991, Time: 00:01:27

Health: -9/64      AC:  3    Str: 13    XL:     7   Next: 97%
Magic:  7/7        EV: 10    Int:  9    God:
Gold:   367        SH:  0    Dex: 17    Spells: 6/6 levels left

rFire   . . .        Y - +1 shortbow
rCold   . . .        (shield currently unavailable)
rNeg    . . .        c - +0 leather armour
rPois   +            (no helmet)
rElec   .            (no cloak)
rCorr   .            (no gloves)
SInv    +            (no barding)
Will    .....        g - amulet of the acrobat
Stlth   ++           (no ring)
HPRegen 0.30/turn    (no ring)
MPRegen 0.10/turn

%: acrobat
@: short of breath, very slow
A: AC +2, large, see invisible, deformed body, poison resistance, slowness 2,
spit poison 1, naga tail 1
a: Spit Poison


You were on level 6 of the Dungeon.
You visited 2 branches of the dungeon, and saw 7 of its levels.

You collected 367 gold pieces.


Innate Abilities, Weirdness & Mutations

Your serpentine skin is tough. (AC +2)
You have supernaturally acute eyesight. (SInv)
Armour fits poorly on your strangely shaped body.
Your system is resistant to poisons. (rPois)
You cover ground very slowly.
You can spit poison.
You have a snake-like lower body.


   Skills:
 - Level 4.2 Fighting
 + Level 7.8 Ranged Weapons
 - Level 2.0 Dodging
 - Level 1.5 Stealth


You had 6 spell levels left.
You didn't know any spells.
Your spell library was empty.

Inventory:

Hand Weapons
 Y - a +1 shortbow (weapon)
Armour
 c - a +0 leather armour (worn)
Jewellery
 g - an amulet of the acrobat (around neck)
Wands
 o - a wand of digging (4)
Scrolls
 b - a scroll of identify
 l - a scroll of enchant armour
Potions
 a - a potion of resistance
 d - a potion of haste
 e - a potion of cancellation
 f - a potion of curing
 h - a potion of mutation
 i - a potion of heal wounds {unknown}
 j - a potion of lignification {unknown}
 k - a potion of invisibility {unknown}
 m - a potion of brilliance {unknown}
 n - a potion of might {unknown}
 p - a potion of attraction {unknown}

Dungeon Overview and Level Annotations

Branches:
Dungeon (6/15)             Temple (1/1) D:5

Altars:
Cheibriados
Elyvilon
Fedhas
Gozag
Hepliaklqana
Okawaru
Qazlal
Ru
Sif Muna
Trog
Uskayaw
Vehumet
Wu Jian
Yredelemnul
Zin
The Shining One


Message History

The steam dragon is lightly wounded.
You shoot an arrow. The arrow hits the steam dragon.
The steam dragon is moderately wounded.
4982 ||| INVOKING Spit Poison.
Aiming: Spit Poison (1% risk of failure)
Press: ? - help, Shift-Dir - straight line, f/p - steam dragon The splash of poison misses the steam dragon.
You shoot an arrow.
The arrow closely misses the steam dragon.
The steam dragon breathes steam at you. The ball of steam hits you!
4984 ||| Stepping ~*~*~tactically~*~*~ (cloud).
You start resting.
A steam dragon is nearby!
You shoot an arrow. The arrow hits the steam dragon.
The steam dragon is moderately wounded.
You have got your breath back.
4988 ||| INVOKING Spit Poison.
Aiming: Spit Poison (1% risk of failure)
Press: ? - help, Shift-Dir - straight line, f/p - steam dragon The splash of poison misses the steam dragon.
The steam dragon bites you. The steam dragon misses you.
You shoot an arrow. The arrow hits the steam dragon!
The steam dragon is heavily wounded.
The steam dragon breathes steam at you. The ball of steam hits you!
You shoot an arrow. The arrow hits the steam dragon.
The steam dragon is severely wounded.
You are engulfed in a cloud of scalding steam.
You have got your breath back.
The steam dragon bites you! The steam dragon claws you.
4991 ||| INVOKING Spit Poison.
Aiming: Spit Poison (1% risk of failure)
Press: ? - help, Shift-Dir - straight line, f/p - steam dragon The splash of poison hits the steam dragon.
The steam dragon is severely wounded.
You are engulfed in a cloud of scalding steam.
The steam dragon breathes steam at you. The ball of steam hits you!!
You die...

#.# #.# . #.# .. #.# ._.
#.# ######.... #.# #####
#......7.. #.######...#
#...._...#
###.....##...###.......#
?.....).......¤¤@D######
#######..¤.¤.....##
#..¤.¤.....#
#.(...........
####....##.### #.......#
#...##### ##.##


You could see a steam dragon (catching breath).

Vanquished Creatures
  An ice beast (D:6)
  2 ogres
  2 scorpions
  2 hounds
  A jelly (D:5)
  4 iguanas
  A sleepcap (D:5)
  7 gnolls (D:6)
  7 adders
  A shadow imp (D:6)
  An ufetubus (D:5)
  4 dart slugs
  2 orcs
  10 ball pythons
  7 endoplasms
  5 giant cockroaches
  11 goblins
  5 hobgoblins
  4 quokkas
  7 bats
  2 frilled lizards
  5 kobolds
  5 rats
96 creatures vanquished.

Notes
Turn   | Place    | Note
-------+----------+-------------------------------------------
     0 | D:1      | qw the Naga Hunter began the quest for the Orb.
     0 | D:1      | Reached XP level 1. HP: 19/19 MP: 1/1
     0 | D:1      | 0 ||| qw: Version: 0.2-a-29-g1fa15c8
     0 | D:1      | 0 ||| qw: Game counter: 5129
     0 | D:1      | 0 ||| qw: Always use a shield: true
     0 | D:1      | 0 ||| qw: God list: Okawaru
     0 | D:1      | 0 ||| qw: Allow faded altars: false
     0 | D:1      | 0 ||| qw: Do Orc after D:15 true
     0 | D:1      | 0 ||| qw: Do second Lair branch before Depths: true
     0 | D:1      | 0 ||| qw: Lair rune preference: random
     0 | D:1      | 0 ||| qw: Plans: Normal
     0 | D:1      | 0 ||| PLANNING D:1-11
    80 | D:1      | 80 ||| INVOKING Spit Poison.
    85 | D:1      | 85 ||| INVOKING Spit Poison.
    95 | D:1      | 95 ||| INVOKING Spit Poison.
   115 | D:1      | 115 ||| INVOKING Spit Poison.
   118 | D:1      | 118 ||| INVOKING Spit Poison.
   209 | D:1      | 209 ||| INVOKING Spit Poison.
   210 | D:1      | Reached skill level 4 in Ranged Weapons
   210 | D:1      | Reached XP level 2. HP: 26/26 MP: 2/2
   237 | D:1      | 237 ||| INVOKING Spit Poison.
   279 | D:1      | 279 ||| INVOKING Spit Poison.
   348 | D:1      | 348 ||| INVOKING Spit Poison.
   402 | D:1      | 402 ||| INVOKING Spit Poison.
   647 | D:1      | 647 ||| INVOKING Spit Poison.
   648 | D:1      | Reached XP level 3. HP: 32/32 MP: 3/3
   685 | D:1      | 685 ||| INVOKING Spit Poison.
   739 | D:1      | 739 ||| DROPPING scarf of invisibility.
   740 | D:1      | 740 ||| READING scroll labelled GEOTUZ XEVO.
   741 | D:1      | 741 ||| READING scroll labelled VUSHRAT GEYDGH.
   742 | D:1      | 742 ||| READING scroll labelled REOC SIYBB.
   743 | D:1      | 743 ||| READING scroll labelled DASEIFYICYRR.
   744 | D:1      | 744 ||| DROPPING scroll of butterflies.
   804 | D:2      | 804 ||| INVOKING Spit Poison.
   805 | D:2      | Found a faded altar of an unknown god.
   819 | D:2      | 819 ||| INVOKING Spit Poison.
   843 | D:2      | 843 ||| INVOKING Spit Poison.
   854 | D:2      | 854 ||| INVOKING Spit Poison.
   860 | D:2      | 860 ||| INVOKING Spit Poison.
   880 | D:2      | 880 ||| INVOKING Spit Poison.
   895 | D:2      | 895 ||| INVOKING Spit Poison.
   991 | D:2      | 991 ||| INVOKING Spit Poison.
  1062 | D:2      | 1062 ||| INVOKING Spit Poison.
  1163 | D:2      | 1163 ||| INVOKING Spit Poison.
  1164 | D:2      | Reached skill level 5 in Ranged Weapons
  1326 | D:2      | 1326 ||| INVOKING Spit Poison.
  1327 | D:2      | Reached XP level 4. HP: 39/39 MP: 4/4
  1329 | D:2      | 1329 ||| INVOKING Spit Poison.
  1339 | D:2      | 1339 ||| READING scroll labelled ERIAMI KURGHUY.
  1340 | D:2      | 1340 ||| READING scroll labelled GEOCWY VEIGO.
  1341 | D:2      | 1341 ||| READING 2 scrolls of identify.
  1341 | D:2      | 1341 ||| IDENTIFYING purple potion
  1447 | D:3      | 1447 ||| INVOKING Spit Poison.
  1499 | D:3      | 1499 ||| INVOKING Spit Poison.
  1503 | D:3      | 1503 ||| INVOKING Spit Poison.
  1591 | D:3      | 1591 ||| INVOKING Spit Poison.
  1597 | D:3      | 1597 ||| INVOKING Spit Poison.
  1603 | D:3      | 1603 ||| INVOKING Spit Poison.
  1609 | D:3      | 1609 ||| INVOKING Spit Poison.
  1676 | D:3      | 1676 ||| INVOKING Spit Poison.
  1733 | D:3      | 1733 ||| INVOKING Spit Poison.
  1734 | D:3      | Reached skill level 3 in Fighting
  1782 | D:3      | 1782 ||| INVOKING Spit Poison.
  1812 | D:3      | 1812 ||| INVOKING Spit Poison.
  1934 | D:3      | 1934 ||| INVOKING Spit Poison.
  1938 | D:3      | 1938 ||| INVOKING Spit Poison.
  1941 | D:3      | 1941 ||| INVOKING Spit Poison.
  1983 | D:3      | 1983 ||| INVOKING Spit Poison.
  2163 | D:4      | 2163 ||| INVOKING Spit Poison.
  2166 | D:4      | Reached XP level 5. HP: 49/49 MP: 5/5
  2224 | D:4      | Noticed an ogre
  2225 | D:4      | 2225 ||| INVOKING Spit Poison.
  2230 | D:4      | Killed an ogre
  2231 | D:4      | Reached skill level 6 in Ranged Weapons
  2231 | D:4      | Reached XP level 6. HP: 33/56 MP: 6/6
  2349 | D:4      | 2349 ||| INVOKING Spit Poison.
  2405 | D:4      | 2405 ||| INVOKING Spit Poison.
  2408 | D:4      | 2408 ||| INVOKING Spit Poison.
  2411 | D:4      | 2411 ||| INVOKING Spit Poison.
  2437 | D:4      | Found a shimmering blue altar of Sif Muna.
  2519 | D:4      | 2519 ||| INVOKING Spit Poison.
  2564 | D:4      | 2564 ||| INVOKING Spit Poison.
  2679 | D:4      | 2679 ||| INVOKING Spit Poison.
  2696 | D:4      | 2696 ||| INVOKING Spit Poison.
  2744 | D:4      | 2744 ||| INVOKING Spit Poison.
  3008 | D:4      | 3008 ||| INVOKING Spit Poison.
  3101 | D:4      | 3101 ||| READING scroll labelled CET EH WESAM.
  3102 | D:4      | 3102 ||| READING scroll labelled BUULOA GEIS.
  3103 | D:4      | 3103 ||| DRINKING 2 green potions.
  3104 | D:4      | 3104 ||| READING 4 scrolls of identify.
  3104 | D:4      | 3104 ||| IDENTIFYING lumpy purple potion
  3105 | D:4      | 3105 ||| READING 3 scrolls of identify.
  3105 | D:4      | 3105 ||| IDENTIFYING brown potion
  3106 | D:4      | 3106 ||| READING 2 scrolls of identify.
  3106 | D:4      | 3106 ||| IDENTIFYING yellow potion
  3135 | D:5      | Entered Level 5 of the Dungeon
  3136 | D:5      | 3136 ||| INVOKING Spit Poison.
  3139 | D:5      | 3139 ||| STAIRDANCE
  3141 | D:4      | 3141 ||| INVOKING Spit Poison.
  3341 | D:5      | Found a staircase to the Ecumenical Temple.
  3342 | D:5      | 3342 ||| PLANNING TEMPLE
  3342 | D:5      | 3342 ||| READING scroll labelled OKECWU BYKLAN.
  3390 | Temple   | Entered the Ecumenical Temple
  3635 | Temple   | 3635 ||| PLANNING D:1-11
  3685 | D:5      | 3685 ||| INVOKING Spit Poison.
  3687 | D:5      | Reached XP level 7. HP: 64/64 MP: 7/7
  3688 | D:5      | 3688 ||| INVOKING Spit Poison.
  3692 | D:5      | 3692 ||| INVOKING Spit Poison.
  3790 | D:5      | 3790 ||| INVOKING Spit Poison.
  3793 | D:5      | 3793 ||| INVOKING Spit Poison.
  3798 | D:5      | 3798 ||| INVOKING Spit Poison.
  3801 | D:5      | HP: 16/64 [ufetubus (2)]
  3802 | D:5      | 3802 ||| INVOKING Spit Poison.
  4085 | D:5      | 4085 ||| STAIRDANCE
  4133 | D:5      | Reached skill level 7 in Ranged Weapons
  4294 | D:5      | 4294 ||| INVOKING Spit Poison.
  4301 | D:5      | 4301 ||| INVOKING Spit Poison.
  4405 | D:5      | 4405 ||| UPGRADING to amulet of the acrobat.
  4457 | D:6      | 4457 ||| INVOKING Spit Poison.
  4517 | D:6      | 4517 ||| INVOKING Spit Poison.
  4520 | D:6      | 4520 ||| INVOKING Spit Poison.
  4602 | D:6      | 4602 ||| INVOKING Spit Poison.
  4607 | D:6      | 4607 ||| INVOKING Spit Poison.
  4614 | D:6      | 4614 ||| INVOKING Spit Poison.
  4621 | D:6      | 4621 ||| INVOKING Spit Poison.
  4791 | D:6      | 4791 ||| INVOKING Spit Poison.
  4796 | D:6      | 4796 ||| INVOKING Spit Poison.
  4799 | D:6      | 4799 ||| INVOKING Spit Poison.
  4966 | D:6      | 4966 ||| INVOKING Spit Poison.
  4975 | D:6      | Found an iron altar of Okawaru.
  4976 | D:6      | 4976 ||| PLANNING OKAWARU WORSHIP
  4978 | D:6      | Found a radiant altar of Vehumet.
  4979 | D:6      | Noticed a steam dragon
  4982 | D:6      | 4982 ||| INVOKING Spit Poison.
  4984 | D:6      | 4984 ||| Stepping ~*~*~tactically~*~*~ (cloud).
  4988 | D:6      | 4988 ||| INVOKING Spit Poison.
  4990 | D:6      | HP: 12/64 [steam dragon (5)]
  4991 | D:6      | 4991 ||| INVOKING Spit Poison.
  4991 | D:6      | Killed from afar by a steam dragon

Levels and vault maps discovered:
D:1:      kilobyte_arrival_exit_the_forest, layout_basic,
          amcnicky_mini_corridor_feature
D:2:      layout_rooms, serial_glass, glass_columns_b, glass_columns_b,
          ebering_ecumenical_altar_box
D:3:      minmay_recursive_quarters, layout_basic
D:4:      layout_basic, nicolae_overflow_hidden_temple,
          kennysheep_generic_room_9
D:5:      layout_basic, minmay_temple_entry_junction
D:6:      layout_loops_ring, nicolae_overflow_hallway_of_the_gods,
          serial_park_tiny_pond, dk_noncrumbling_3, nicolae_titane
Temple:   compressed_dpeg_triangle_lava_temple

Skill      XL: |  1  2  3  4  5  6  7 |
---------------+----------------------+-----
Ranged Weapons | 4 5 6 7 |  7.8
Fighting       | 3 4 |  4.2
Dodging        | 2 |  2.0
Stealth        | |  1.5

Action                     |  1- 3 |  4- 6 |  7- 9 || total
---------------------------+-------+-------+-------++-------
   Fire: Shortbow          |    37 |    89 |    79 ||   205
Ability: Spit Poison       |    23 |    31 |    22 ||    76
    Use: Scroll            |     4 |     9 |       ||    13
         Potion            |       |     1 |       ||     1
 Armour: Leather armour    |     2 |     7 |     8 ||    17
  Dodge: Dodged            |    11 |    12 |    42 ||    65

Table legend:
 A = Non-vault XP
 B = Vault XP
 C = Vault XP percentage of total XP
 D = Non-vault monster count
 E = Vault monster count
 F = Vault count percentage of total count
                 A         B        C        D         E       F
            +---------+---------+-------+---------+---------+-------
      Total |    1134 |      49 |   4.1 |      88 |       8 |   8.3
            +---------+---------+-------+---------+---------+-------
        D:1 |      38 |       0 |   0.0 |      21 |       0 |   0.0
        D:2 |      49 |       0 |   0.0 |      15 |       0 |   0.0
        D:3 |      36 |      33 |  47.8 |      20 |       6 |  23.1
        D:4 |     378 |      16 |   4.1 |      13 |       2 |  13.3
        D:5 |     362 |       0 |   0.0 |       7 |       0 |   0.0
        D:6 |     271 |       0 |   0.0 |      12 |       0 |   0.0
            +---------+---------+-------+---------+---------+-------
